 Dungeon Crawl Stone Soup version 0.18.1-50-g88ac8fd (webtiles) character file.

184709 HolyRage the Severer (level 17, -3/175 HPs)
             Began as a Deep Dwarf Fighter on Sept 21, 2016.
             Was the Champion of Makhleb.
             Slain by a thorn hunter (4 damage)
             ... on level 3 of the Swamp on Sept 22, 2016.
             The game lasted 03:21:59 (30122 turns).

HolyRage the Severer (Deep Dwarf Fighter)          Turns: 30122, Time: 03:22:01

Health: -3/175     AC: 34    Str: 27    XL:     17   Next: 78%
Magic:  26/26      EV: 16    Int: 10    God:    Makhleb [******]
Gold:   342        SH:  0    Dex: 17    Spells: 0 memorised, 16 levels left

rFire  + + .     SeeInvis +     n - +9 battleaxe (freeze)
rCold  + + .     Gourm    +     R - +2 plate armour of Valour {Dex+4}
rNeg   + . .     Faith    .     (shield currently unavailable)
rPois  .         Spirit   .     E - +2 helmet {SInv}
rElec  +         Dismiss  .     M - +2 cloak of Starlight {rElec rC+ EV+4 Stlth--}
rCorr  .         Reflect  .     L - +0 pair of gloves "Ureops" {rElec rF++ rC+ Str-2}
SustAt .         Harm     .     F - +4 pair of boots of Dithmenos's Hope {Regen+ Stlth+}
MR     +++..                    d - amulet of the gourmand
Stlth  ..........               y - +4 ring of strength
                                Z - ring of protection from magic

@: very slightly contaminated, non-regenerating, extremely resistant to hostile
enchantments, extremely unstealthy
A: damage resistance, recharge devices, negative energy resistance 1, sense
surroundings 2, slow regeneration 3
a: Device Recharging, Minor Destruction, Lesser Servant of Makhleb, Major
Destruction, Greater Servant of Makhleb, Renounce Religion


You were on level 3 of the Swamp.
You worshipped Makhleb.
Makhleb was exalted by your worship.
You were full.

You visited 6 branches of the dungeon, and saw 32 of its levels.
You also visited: Labyrinth, Ice Cave and Volcano.

You collected 2817 gold pieces.
You spent 2475 gold pieces at shops.

Inventory:

Hand Weapons
 n - a +9 battleaxe of freezing (weapon)
Missiles
 r - 63 tomahawks (quivered)
Armour
 E - a +2 helmet of see invisible (worn)
 F - the +4 pair of boots of Dithmenos's Hope (worn) {Regen+ Stlth+}
   (You bought it in a shop on level 11 of the Dungeon)

   It increases your rate of regeneration.
   It makes you more stealthy.
 L - the +0 pair of gloves "Ureops" (worn) {rElec rF++ rC+ Str-2}
   (You acquired it on level 8 of the Lair of Beasts)

   It affects your strength (-2).
   It greatly protects you from fire.
   It protects you from cold.
   It insulates you from electricity.
 M - the +2 cloak of Starlight (worn) {rElec rC+ EV+4 Stlth--}
   (You bought it in a shop on level 2 of the Orcish Mines)

   It affects your evasion (+4).
   It protects you from cold.
   It insulates you from electricity.
   It makes you much less stealthy.
 R - the +2 plate armour of Valour (worn) {Dex+4}
   (You found it on level 9 of the Dungeon)

   It affects your dexterity (+4).
Jewellery
 d - an amulet of the gourmand (around neck)
 s - an uncursed ring of poison resistance
 v - an uncursed ring of wizardry
 y - a +4 ring of strength (right hand)
 C - an uncursed ring of protection from cold
 U - an uncursed ring of protection from fire
 Z - a ring of protection from magic (left hand)
Wands
 a - a wand of disintegration (18/24)
 b - a wand of paralysis (18/24)
 e - a wand of heal wounds (3/9)
 g - a wand of slowing (14/48)
 S - a wand of teleportation (4/9)
 T - a wand of digging (18/24)
Scrolls
 c - 2 scrolls of magic mapping
 o - 2 scrolls of recharging
 q - 10 scrolls of teleportation
 w - 6 scrolls of fog
 z - 14 scrolls of remove curse
 B - 7 scrolls of identify
 G - 3 scrolls of fear
 J - 5 scrolls of enchant armour
 K - a scroll of blinking
 N - a scroll of holy word
 P - a scroll of silence
 X - 3 scrolls of immolation
Potions
 h - a potion of cure mutation
 i - 3 potions of flight
 j - 11 potions of curing
 k - 6 potions of berserk rage
 l - 5 potions of lignification
 m - 2 potions of haste
 t - 2 potions of ambrosia
 u - a potion of cancellation
 x - 4 potions of agility
 D - 2 potions of resistance
 I - 2 potions of invisibility
 O - 3 potions of heal wounds
 V - a potion of magic
 W - a potion of brilliance
Comestibles
 f - 16 bread rations
 p - 14 meat rations
 A - 16 beef jerkies
 H - a slice of pizza
 Q - 13 royal jellies
 Y - 31 fruits


   Skills:
 + Level 16.6 Fighting
 - Level 20.0 Axes
 - Level 16.0 Armour
 * Level 7.2 Dodging
   Level 3.2 Shields
 - Level 12.0 Evocations


You had 16 spell levels left.
You didn't know any spells.

Dungeon Overview and Level Annotations

Branches:
Dungeon (15/15)            Temple (1/1) D:5            Lair (8/8) D:8
  Swamp (3/4) Lair:6       Spider (0/4) Lair:3        Slime (0/6) Lair:6
    Orc (2/2) D:9             Elf (3/3) Orc:2        Vaults (0/5) D:13
 Depths (0/5) D:15

Altars:
Ashenzari
Cheibriados
Dithmenos
Elyvilon
Fedhas
Gozag
Kikubaaqudgha
Makhleb
Nemelex Xobeh
Okawaru
Pakellas
Qazlal
Ru
Sif Muna
Trog
Vehumet
Xom
Yredelemnul
Zin
The Shining One
Jiyva

Shops:
D:6 %   D:9 (   D:11 *([=   Orc:1 *   Orc:2 :*[(

Annotations:
Lair:5 .
Swamp:3 Kirke
Elf:3 Mara


Innate Abilities, Weirdness & Mutations

You are resistant to damage.
You can recharge devices by infusing magical energy.
You resist negative energy.
You passively map the area around you.
You do not regenerate naturally.


Message History

You barely miss the thorn hunter.
The briar patch crumbles away. x2
The thorn hunter closely misses you. x2
You hit the thorn hunter. You freeze the thorn hunter.
The thorn hunter is lightly damaged.
You slash the thorn hunter! You freeze the thorn hunter.
The thorn hunter is lightly damaged.
The thorn hunter gestures.
Thorny briars emerge from the ground!
You hit the thorn hunter. You freeze the thorn hunter.
The thorn hunter is lightly damaged.
The thorn hunter gestures.
You hit the thorn hunter. You freeze the thorn hunter.
The thorn hunter is moderately damaged.
The thorn hunter fires a volley of thorns at you.
The volley of thorns hits you!
* * * LOW HITPOINT WARNING * * *
You slash the thorn hunter! You freeze the thorn hunter.
The thorn hunter is moderately damaged.
The thorn hunter hits you.
You die...

≈ .≈≈≈≈≈≈.#$.♣.♣.♣.. **
♣≈≈≈?...#...≈.≈.≈ *,
,≈, ♣....≈≈..PP♣.≈≈≈* ,
, ♣♣.......#PPf≈§≈≈ * ,
≈ ♣≈.......#Pf♣.≈ * ,
♣.≈≈≈≈≈≈.#P..≈♣ ≈ * **
♣≈≈≈≈≈≈...#...♣≈♣..♣**
♣♣♣≈≈≈≈.≈..##f...≈.♣ ,
♣..≈≈≈...)..@#....≈# *
*≈...§≈PP.....#..####,,
* ♣.≈≈.PP.≈.♣...... ,≈≈
* ♣≈≈≈.♣P≈..♣♣.≈≈≈.≈*≈
≈.≈...PP.≈≈.≈≈≈≈≈.≈≈≈ ≈
≈≈♣≈.♣PPPP≈.§≈§≈≈≈≈≈≈
** , ♣♣
♣♣♣♣......>.≈≈≈≈ *
♣♣≈♣♣♣≈.≈.≈ ≈ * * ≈ ♣♣
♣♣ *, ,


You could see a thorn hunter.

Vanquished Creatures
  A deep elf blademaster (Elf:2)
  Frances (D:13)
  A thorn hunter (Swamp:1)
  Wiglaf (Elf:2)
  A frost giant (IceCv)
  An orc warlord (Orc:2)
  A deep elf sorcerer (Elf:1)
  Snorg (Lair:7)
  A minotaur (Lab)
  2 deep elf death magi
  8 vault guards (D:13)
  2 ogre magi (D:15)
  A yaktaur captain (D:15)
  14 hydras
  Fannar (Lair:3)
  2 catoblepae
  6 centaur warriors
  A ghost crab (Swamp:2)
  7 alligators
  18 dancing weapons
  A tengu warrior (D:13)
  4 death yaks
  3 orc high priests (Orc:2)
  13 deep elf knights
  2 spriggan druids
  2 shambling mangroves (Swamp:2)
  A wizard (Elf:1)
  11 deep elf archers
  5 hill giants
  Pikel (D:7)
  The ghost of Skwishie the Cleaver, a novice GrFi (D:8)
  3 orc knights (Orc:2)
  3 oklob plants
  2 griffons
  58 deep elf magi
  4 orc sorcerers (Orc:2)
  9 ugly things
  A wolf spider zombie (D:14)
  3 cyclopes
  5 manticores
  An octopode (shapeshifter) (D:14)
  7 black mambas
  An ice statue (IceCv)
  3 toenail golems (Volcano)
  4 kobold demonologists
  18 spiny frogs
  A yaktaur (D:15)
  A yaktaur (shapeshifter) (Elf:1)
  The ghost of Sagrath01 the Cudgeler, a novice HuWn of Fedhas (D:5)
  6 komodo dragons
  A freezing wraith (D:14)
  A rime drake (Lair:6)
  27 polar bears
  10 giant leeches
  4 jumping spiders (Lair:3)
  3 trolls
  5 two-headed ogres
  A boulder beetle (D:14)
  5 raiju (Lair:8)
  Grinder (D:6)
  15 slime creatures
  9 blink frogs
  5 bog bodies
  A hornet zombie (D:15)
  3 air elementals
  3 basilisks
  3 water elementals
  A wyvern (Lair:4)
  A human (shapeshifter) (Elf:2)
  A wraith (D:10)
  2 redbacks (Lair:3)
  3 spriggans (Swamp:2)
  2 shadows
  6 humans (Volcano)
  81 yaks
  3 fire bats (Lair:8)
  3 steam dragons
  2 hungry ghosts (D:8)
  9 hippogriffs
  17 vampire mosquitoes
  20 insubstantial wisps
  7 wargs
  A soldier ant (D:12)
  A mottled dragon (D:10)
  17 swamp worms
  20 porcupines
  11 water moccasins
  5 hell hounds (Lair:8)
  3 swamp drakes
  36 orc warriors
  3 ice beasts
  23 ogres
  2 necrophages
  2 phantoms
  3 sky beasts
  7 wasps
  13 black bears (Lair:8)
  An eye of draining (D:11)
  13 centaurs
  A boggart (Elf:1)
  39 wolves
  15 crocodiles
  2 big kobolds (D:13)
  23 giant frogs
  2 earth elementals (Elf:2)
  2 scorpions
  7 killer bees (D:9)
  4 wights (D:11)
  A howler monkey (D:13)
  7 crimson imps
  7 centaur zombies
  2 giant frog zombies
  3 giant frog skeletons
  20 hounds
  5 jellies
  19 orc priests
  6 centaur skeletons
  6 iguanas
  34 orc wizards
  10 worker ants
  A killer bee zombie (D:9)
  39 sheep
  A hound zombie (D:5)
  A hound skeleton (D:4)
  A worker ant zombie (D:5)
  15 gnolls
  23 adders
  50 river rats
  A shadow imp (D:6)
  A white imp (D:5)
  4 oozes
  2 adder skeletons
  An adder zombie (D:7)
  13 worms
  2 dart slugs (D:1)
  3 giant geckos
  87 orcs
  7 bats
  7 giant cockroaches
  9 goblins
  3 hobgoblins (D:3)
  5 jackals (Lair:8)
  4 quokkas
  13 ball pythons
  A giant gecko zombie (D:5)
  2 giant newts
  9 kobolds
  3 rats
  3 bushes
  9 fungi
  15 plants
1212 creatures vanquished.

Vanquished Creatures (others)
  A deep elf elementalist (Elf:2)
  A swamp worm (Swamp:2)
  2 slaves (D:7)
  An orc wizard (Orc:2)
  A gnoll (D:7)
  An orc (D:7)
  A giant newt (D:7)
  3 briar patches (Swamp:3)
  2 fungi
  11 plants
  6 toadstools (Swamp:3)
30 creatures vanquished.

Grand Total: 1242 creatures vanquished

Notes
Turn   | Place    | Note
--------------------------------------------------------------
     0 | D:1      | HolyRage the Deep Dwarf Fighter began the quest for the Orb.
     0 | D:1      | Reached XP level 1. HP: 20/20 MP: 1/1
   155 | D:1      | Reached XP level 2. HP: 27/27 MP: 2/2
   913 | D:1      | Reached skill level 3 in Axes
  1002 | D:2      | Reached XP level 3. HP: 25/34 MP: 3/3
  1298 | D:2      | Reached skill level 4 in Axes
  1324 | D:2      | Reached XP level 4. HP: 42/42 MP: 4/4
  1691 | D:3      | Reached XP level 5. HP: 32/50 MP: 5/5
  1753 | D:3      | Found a stormy altar of Qazlal.
  2048 | D:4      | Reached skill level 5 in Axes
  2129 | D:4      | Reached XP level 6. HP: 23/57 MP: 6/6
  2165 | D:4      | Found a basalt altar of Yredelemnul.
  2255 | D:4      | Reached skill level 6 in Axes
  2530 | D:4      | Reached XP level 7. HP: 23/66 MP: 7/7
  2806 | D:4      | Reached skill level 7 in Axes
  2890 | D:5      | Entered Level 5 of the Dungeon
  2924 | D:5      | Noticed Sagrath01's ghost (novice HuWn)
  2943 | D:5      | Killed Sagrath01's ghost
  2943 | D:5      | Reached skill level 5 in Fighting
  2943 | D:5      | Reached skill level 8 in Axes
  3096 | D:5      | Found a staircase to the Ecumenical Temple.
  3102 | Temple   | Entered the Ecumenical Temple
  3194 | Temple   | Became a worshipper of Makhleb the Destroyer
  3294 | D:5      | Found a shattered altar of Ashenzari.
  3616 | D:5      | Reached XP level 8. HP: 41/75 MP: 8/8
  3678 | D:6      | Noticed Grinder
  3690 | D:6      | Killed Grinder
  3690 | D:6      | Reached * piety under Makhleb
  3690 | D:6      | Reached skill level 9 in Axes
  3888 | D:6      | Reached skill level 10 in Axes
  4094 | D:6      | Gained mutation: You passively map the area around you. [Deep Dwarf growth]
  4094 | D:6      | Reached XP level 9. HP: 26/85 MP: 9/9
  4127 | D:6      | Found Dewkif's Food Shoppe.
  4139 | D:6      | Found a shadowy altar of Dithmenos.
  4372 | D:7      | Reached ** piety under Makhleb
  4539 | D:7      | Reached skill level 5 in Armour
  4725 | D:7      | Noticed Pikel
  4750 | D:7      | Killed Pikel
  5033 | D:7      | Reached *** piety under Makhleb
  5442 | D:8      | Noticed Skwishie's ghost (novice GrFi)
  5457 | D:8      | Killed Skwishie's ghost
  5457 | D:8      | Reached XP level 10. HP: 81/96 MP: 10/10
  5611 | D:8      | Found a glowing silver altar of Zin.
  5710 | D:8      | Noticed a cyclops
  5733 | D:8      | Killed a cyclops
  5858 | D:8      | Found a staircase to the Lair.
  5902 | D:8      | Found a radiant altar of Vehumet.
  5922 | D:8      | Found an opulent altar of Gozag.
  5956 | D:8      | Reached skill level 10 in Armour
  6008 | D:8      | Reached **** piety under Makhleb
  6029 | D:8      | Reached skill level 1 in Evocations
  6428 | D:9      | Reached skill level 5 in Evocations
  6468 | D:9      | Reached skill level 11 in Axes
  6686 | D:9      | Reached XP level 11. HP: 106/106 MP: 14/14
  6801 | D:9      | Found a sacrificial altar of Ru.
  6937 | D:9      | Reached ***** piety under Makhleb
  6938 | D:9      | Found Edghostoawk's Weapon Shoppe.
  6948 | D:9      | Got a fine plate armour
  6960 | D:9      | Identified the +2 plate armour of Valour {Dex+4} (You found it on level 9 of the Dungeon)
  6964 | D:9      | Found a staircase to the Orcish Mines.
  7035 | D:9      | Found a snail-covered altar of Cheibriados.
  7321 | D:10     | Entered Level 10 of the Dungeon
  7503 | D:10     | Noticed a hill giant
  7528 | D:10     | Killed a hill giant
  7528 | D:10     | Reached skill level 12 in Axes
  7551 | D:10     | Noticed a hill giant
  7559 | D:10     | Killed a hill giant
  7638 | D:10     | Reached skill level 10 in Fighting
  7840 | D:10     | Noticed a hill giant
  7852 | D:10     | Killed a hill giant
  8244 | D:11     | Found Jifoa's Antique Weapon Emporium.
  8274 | D:11     | Noticed a brown ugly thing
  8297 | D:11     | Killed a brown ugly thing
  8297 | D:11     | Reached skill level 13 in Axes
  8373 | D:11     | Found Kucheror's General Store.
  8801 | D:11     | Found Rinweylle's Armour Shoppe.
  8805 | D:11     | Found Foparrug's Jewellery Emporium.
  8808 | D:11     | Bought the +4 pair of boots of Dithmenos's Hope {Regen+ Stlth+} for 343 gold pieces
  8838 | D:11     | Bought an uncursed ring of poison resistance for 260 gold pieces
  9242 | D:12     | Found a labyrinth entrance.
  9251 | Lab      | Entered a labyrinth
  9599 | Lab      | Noticed a minotaur
  9617 | Lab      | Killed a minotaur
  9881 | D:12     | Reached XP level 12. HP: 95/118 MP: 15/15
  9993 | D:12     | Reached ****** piety under Makhleb
 10348 | Lair:1   | Entered Level 1 of the Lair of Beasts
 10354 | Lair:1   | Reached skill level 14 in Axes
 11278 | Lair:2   | Reached skill level 15 in Axes
 11546 | Lair:2   | Noticed a five-headed hydra
 11590 | Lair:3   | Noticed Fannar
 11620 | Lair:3   | Killed Fannar
 11762 | Lair:3   | Identified a scroll of acquirement
 11865 | Lair:3   | Noticed a four-headed hydra
 12275 | Lair:4   | Reached skill level 16 in Axes
 12966 | Lair:5   | Found a frozen archway.
 12994 | IceCv    | Entered an ice cave
 13020 | IceCv    | Reached XP level 13. HP: 128/128 MP: 16/16
 13441 | IceCv    | Reached skill level 17 in Axes
 13479 | IceCv    | Noticed a frost giant
 13498 | IceCv    | Killed a frost giant
 15418 | Lair:3   | Found a blossoming altar of Fedhas.
 15574 | Lair:3   | Found a hole to the Spider Nest.
 16397 | Lair:5   | Got a polished morningstar
 16399 | Lair:5   | Identified the +4 morningstar of Defence by Offence {pain, +Blink +Inv rF+ MR+} (You found it on level 5 of the Lair of Beasts)
 16615 | Lair:6   | Gained mutation: You resist negative energy. [Deep Dwarf growth]
 16615 | Lair:6   | Reached XP level 14. HP: 141/141 MP: 20/20
 16682 | Lair:6   | Found a viscous altar of Jiyva.
 16682 | Lair:6   | Found a staircase to the Slime Pits.
 17163 | Lair:6   | Found a staircase to the Swamp.
 17355 | Lair:7   | Noticed Snorg
 17381 | Lair:7   | Killed Snorg
 17381 | Lair:7   | Reached skill level 10 in Evocations
 18040 | Lair:8   | Entered Level 8 of the Lair of Beasts
 18427 | Lair:8   | Got a pair of ichor-stained gloves
 18438 | Lair:8   | Identified the +0 pair of gloves "Ureops" {rElec rF++ rC+ Str-2} (You acquired it on level 8 of the Lair of Beasts)
 19110 | Lair:8   | Reached skill level 18 in Axes
 19842 | D:13     | Found a gate to the Vaults.
 20049 | D:13     | Reached XP level 15. HP: 151/151 MP: 24/24
 20701 | D:13     | Reached skill level 19 in Axes
 21149 | D:14     | Noticed Frances
 21183 | D:13     | Killed Frances
 21811 | D:15     | Entered Level 15 of the Dungeon
 22052 | D:15     | Reached skill level 20 in Axes
 22179 | D:15     | Found a shadowy altar of Dithmenos.
 22309 | D:15     | Found a staircase to the Depths.
 22456 | D:15     | Found a bloodstained altar of Trog.
 22648 | Orc:1    | Entered Level 1 of the Orcish Mines
 22728 | Orc:2    | Entered Level 2 of the Orcish Mines
 22782 | Orc:2    | Found a staircase to the Elven Halls.
 23126 | Orc:1    | Found Raluby's Assorted Antiques.
 23158 | Orc:1    | Found a dark tunnel.
 23167 | Volcano  | Entered a volcano
 23378 | Volcano  | Reached skill level 15 in Fighting
 23934 | Orc:2    | Reached XP level 16. HP: 163/163 MP: 25/25
 24449 | Orc:2    | Found Gizeuf's Antique Armour Shop.
 24450 | Orc:2    | Found Biofisid's Antique Weapon Shop.
 24452 | Orc:2    | Found Kunasm's General Store.
 24452 | Orc:2    | Found Akhlog's Book Boutique.
 24467 | Orc:2    | Bought a scroll of enchant weapon for 97 gold pieces
 24467 | Orc:2    | Bought a royal jelly for 26 gold pieces
 24467 | Orc:2    | Bought a potion of lignification for 39 gold pieces
 24479 | Orc:2    | Bought a fine cloak for 275 gold pieces
 24489 | Orc:2    | Identified the +2 cloak of the Harvest {-Tele rN+++ MR+ Int-4} (You bought it in a shop on level 2 of the Orcish Mines)
 24494 | Orc:2    | Bought the +2 cloak of Starlight {rElec rC+ EV+4 Stlth--} for 1435 gold pieces
 25163 | Elf:1    | Entered Level 1 of the Elven Halls
 26859 | Elf:2    | Found a runed gate.
 26866 | Elf:2    | Found a runed gate.
 26866 | Elf:2    | Found a runed gate.
 26941 | Elf:2    | Noticed Wiglaf
 27028 | Elf:2    | Killed Wiglaf
 27028 | Elf:2    | Reached skill level 15 in Armour
 27071 | Elf:2    | Reached XP level 17. HP: 172/172 MP: 26/26
 27336 | Elf:2    | Noticed a deep elf blademaster
 27358 | Elf:2    | Killed a deep elf blademaster
 27681 | Elf:3    | Entered Level 3 of the Elven Halls
 27687 | Elf:3    | Reached skill level 1 in Dodging
 27738 | Elf:3    | Noticed Mara
 28401 | Swamp:1  | Entered Level 1 of the Swamp
 29126 | Swamp:2  | Reached skill level 5 in Dodging
 29975 | Swamp:3  | Noticed Kirke
 30121 | Swamp:3  | HP: 1/175 [thorn hunter/volley of thorns (41)]
 30122 | Swamp:3  | Slain by a thorn hunter

Skill      XL: |  1  2  3  4  5  6  7  8  9 10 11 12 13 14 15 16 17 |
---------------+----------------------------------------------------+-----
Fighting       | 3 4 5 6 8 9 10 11 13 14 15 16 | 16.6
Axes           | 3 4 5 6 8 10 11 13 16 17 18 20 | 20.0
Armour         | 8 10 11 15 16 | 16.0
Evocations     | 5 8 12 | 12.0
Dodging        | 7 |  7.2
Shields        | |  3.2

Action                   |  1- 3 |  4- 6 |  7- 9 | 10-12 | 13-15 | 16-18 || total
-------------------------+-------+-------+-------+-------+-------+-------++-------
Melee: War axe           |   102 |   142 |   417 |   644 |       |       ||  1305
       Battleaxe         |       |       |       |   460 |  1507 |   926 ||  2893
Throw: Tomahawk          |       |       |     4 |     3 |       |     2 ||     9
Evoke: Wand              |     2 |     1 |    12 |    19 |    18 |     3 ||    55
  Use: Scroll            |    10 |     5 |     8 |    17 |    14 |     7 ||    61
       Potion            |       |       |     1 |     2 |     1 |     7 ||    11
 Stab: Paralysed         |       |       |     5 |    15 |    31 |       ||    51
       Distracted        |       |       |       |       |     1 |       ||     1
       Petrified         |       |       |       |       |     3 |       ||     3
  Eat: Chunk             |     1 |     5 |    10 |    32 |    62 |    18 ||   128
       Pizza             |       |       |       |     2 |       |       ||     2
Armor: Scale mail        |    53 |    60 |    94 |       |       |       ||   207
       Plate armour      |       |       |    75 |   481 |   993 |   538 ||  2087
       Skin              |       |       |       |       |       |    42 ||    42
Dodge: Dodged            |    32 |    35 |    83 |   387 |   570 |   368 ||  1475
Block: Shield            |    72 |    80 |   169 |   222 |       |       ||   543
